 Dungeon Crawl Stone Soup version 0.28.0-43-g3370ac3207 (webtiles) character file.

Game seed: 9698466725880606793

4313 silky the Cruncher (level 10, -4/60 (70) HPs)
             Began as a Minotaur Chaos Knight on Mar 30, 2022.
             Was a Plaything of Xom.
             Slain by a centaur
             ... wielding a +0 halberd
              (11 damage)
             ... in a bailey.
             The game lasted 00:31:05 (8905 turns).

silky the Cruncher (Minotaur Chaos Knight)          Turns: 8905, Time: 00:31:07

HP:   -4/60 (70)    AC: 15    Str: 20    XL:     10   Next: 11%
MP:   4/9           EV: 11    Int:  7    God:    Xom [...*..]
Gold: 549           SH:  0    Dex:  5    Spells: 9/9 levels left

rFire   + . .      SeeInvis .   j - +5 quarterstaff (chaos)
rCold   . . .      Faith    .   (shield currently unavailable)
rNeg    . . .      Spirit   .   w - +2 ring mail {rF+}
rPois   .          Reflect  .   s - +1 hat
rElec   .          Harm     .   l - +0 cloak
rCorr   .          Rampage  .   (no gloves)
Will    .....                   g - +0 pair of boots
Stlth   +.........              (no amulet)
HPRegen 0.20/turn               (no ring)
MPRegen 0.11/turn               (no ring)

@: brilliant, studying Armour, heavily drained, unable to read
A: horns 2, retaliatory headbutt, iridescent scales 1, clumsy 2, dopey 1, frail
2, mutation resistance 1, shaggy fur 1, weak 1, inability to read while
threatened, MP-powered wands
a: Renounce Religion


You were in a bailey.
You worshipped Xom.
You were a favourite toy of Xom.
You visited 1 branch of the dungeon, and saw 8 of its levels.
You also visited: Bailey.

You collected 549 gold pieces.

Inventory:

Hand Weapons
 a - a +0 hand axe of chaos
 j - a +5 quarterstaff of chaos (weapon)
Armour
 g - a +0 pair of boots (worn)
 l - a +0 cloak (worn)
 m - a +2 kite shield
 s - a +1 hat (worn)
 w - a +2 ring mail of fire resistance (worn)
Jewellery
 h - a ring of ice
Wands
 k - a wand of digging (6)
 p - a wand of paralysis (9)
Scrolls
 d - 2 scrolls of fear
 e - a scroll of noise
 f - 3 scrolls of immolation
 q - 6 scrolls of teleportation
 t - 2 scrolls of vulnerability
 u - 2 scrolls of blinking
Potions
 b - a potion of cancellation {unknown}
 n - 2 potions of attraction
 o - a potion of degeneration
 r - a potion of resistance


   Skills:
 + Level 8.3 Fighting
 + Level 6.6 Axes
 + Level 10.2 Staves
 + Level 8.2 Armour
 + Level 4.8 Dodging
 + Level 3.9 Stealth
 + Level 2.0 Evocations


You had 9 spell levels left.
You didn't know any spells.
Your spell library contained the following spells:

 Spells                   Type           Power      Damage    Failure   Level
 Slow                     Hex            0%         N/A       58%         1
 Static Discharge         Conj/Air       0%         N/A       73%         2
 Call Canine Familiar     Summ           0%         N/A       91%         3
 Confusing Touch          Hex            0%         N/A       91%         3
 Gell's Gravitas          Tloc           0%         N/A       91%         3
 Lesser Beckoning         Tloc           0%         N/A       91%         3
 Portal Projectile        Hex/Tloc       0%         N/A       91%         3
 Teleport Other           Tloc           0%         N/A       91%         3
 Tukima's Dance           Hex            0%         N/A       91%         3
 Vampiric Draining        Necr           0%         2d6       91%         3
 Dispel Undead            Necr           0%         3d6       100%        4
 Leda's Liquefaction      Hex/Erth       0%         N/A       100%        4
 Passage of Golubria      Tloc           0%         N/A       100%        4
 Sticky Flame             Conj/Fire      0%         2d3       100%        4
 Yara's Violent Unravell  Hex/Tmut       0%         3d3       100%        5


Dungeon Overview and Level Annotations

Branches:
Dungeon (8/15)             Temple (0/1) D:6          Bailey (1/1)
   Lair: D:8-11

Altars:
Elyvilon
Fedhas
Nemelex Xobeh
Qazlal
Sif Muna
Uskayaw
Xom
Yredelemnul


Innate Abilities, Weirdness & Mutations

You have a pair of horns on your head.
You reflexively headbutt those who attack you in melee.
You are partially covered in iridescent scales. (AC +2)
You are very clumsy. (Dex -4)
You are dopey. (Int -2)
You are very frail. (-20% HP)
You are somewhat resistant to further mutation.
You are covered in fur. (AC +1)
You are weak. (Str -2)
You sometimes lose the ability to read scrolls when taking damage.
You expend magic power (3 MP) to strengthen your wands.


Message History

The centaur throws a javelin.
The javelin pierces through you!
You feel threatened and lose the ability to read scrolls!
The centaur hits you from afar with a +0 halberd!
A centaur comes into view. It is wielding a +0 halberd.
Things that are here:
a +0 spear; a +0 scale mail An orc warrior and an orc come into view.
The centaur shouts!
The orc warrior shouts!
The centaur throws a javelin.
The javelin pierces through you.
The centaur hits you but does no damage.
The centaur misses you. The centaur closely misses you.
The centaur completely misses you.
You hit the centaur. You freeze the centaur. You headbutt the centaur.
The centaur is moderately wounded.
The orc warrior hits you from afar with a +0 halberd.
The orc hits you but does no damage.
The centaur throws a javelin.
The javelin pierces through you.
* * * LOW HITPOINT WARNING * * *
The centaur closely misses you. You furiously retaliate!
You headbutt the centaur.
The centaur kicks you but does no damage.
You cannot read scrolls in your current state!
It was a potion of brilliance.
You feel clever all of a sudden. The centaur closely misses you.
You furiously retaliate!
You headbutt the centaur, but do no damage.
The centaur kicks you.
* * * LOW HITPOINT WARNING * * *
The orc warrior hits you from afar with a +0 halberd!
* * * LOW HITPOINT WARNING * * *
The orc misses you.
The centaur throws a javelin.
The javelin completely misses you.
You barely miss the centaur. Your headbutt misses the centaur.
The centaur is heavily wounded. "Suffer!"
You feel drained.
You are now a favourite toy of Xom.
The centaur hits you with a +0 halberd!
You die...
Xom laughs nastily!

≈≈≈.≈.....≈≈≈..
≈≈.≈≈.⌠..≈≈≈≈≈.
≈≈.≈.....≈≈≈≈≈.
≈.≈≈..oo≈≈≈≈≈≈≈
≈.≈....o≈≈≈≈≈≈≈.....≈.
≈.≈..coo≈≈≈)≈≈≈.....≈.
≈.≈....c≈≈≈)≈≈≈.....≈.
≈.≈....@≈≈≈!≈≈≈.....≈o
≈.≈....)≈≈≈≈≈≈≈.....≈.
≈.≈≈....≈≈≈≈≈≈≈....≈≈.
≈≈c≈.....≈≈≈≈≈.)...≈.≈
≈≈.≈≈.⌠..≈≈≈≈≈..⌠.≈≈.≈
≈≈≈.≈.....≈≈≈.....≈.≈≈
≈≈≈.≈≈≈..)).....≈≈≈.≈≈
≈≈≈≈..≈≈≈.....≈≈≈..≈≈≈
≈≈≈≈≈≈.w≈#...#≈o.≈≈≈≈≈


You could see 2 orc warriors, 3 centaurs and 3 orcs.

Vanquished Creatures
  A gargoyle (D:5)
  A rime drake (D:4)
  Grinder (D:3)
  Prince Ribbit (D:5)
  A yak (D:6)
  A steam dragon (D:7)
  Edmund (D:6)
  An acid dragon (D:7)
  A water moccasin (D:5)
  Duvessa (D:6)
  An orc warrior (Bailey)
  2 ice beasts
  A black bear (D:6)
  A necrophage (D:5)
  4 ogres
  4 centaurs
  A phantom (D:6)
  2 bullfrogs
  2 scorpions
  A water moccasin skeleton (D:6)
  Dowan (D:6)
  A wight (D:6)
  A howler monkey (D:7)
  A bullfrog zombie (D:5)
  A centaur zombie (D:8)
  3 orc priests
  7 jellies
  Crazy Yiuf (D:3)
  3 hounds
  2 bullfrog skeletons
  2 gnoll shamans
  Natasha (thrice) (D:3)
  2 iguanas
  6 orc wizards
  3 howler monkey zombies (D:7)
  4 gnolls
  3 adders
  A shadow imp (D:7)
  2 worms
  A dart slug (D:4)
  25 orcs
  5 ball pythons
  12 endoplasms
  3 giant cockroaches
  8 goblins
  5 hobgoblins
  3 jackals (D:2)
  6 quokkas
  4 bats
  5 frilled lizards
  7 kobolds
  21 rats
181 creatures vanquished.

Vanquished Creatures (collateral kills)
  2 orcs (Bailey)
2 creatures vanquished.

Vanquished Creatures (others)
  An orc (Bailey)
  A ball python (Bailey)
  6 fungi (D:3)
  10 plants (D:7)
  8 toadstools (D:3)
26 creatures vanquished.

Grand Total: 209 creatures vanquished

Notes
Turn   | Place    | Note
-------+----------+-------------------------------------------
     0 | D:1      | silky the Minotaur Chaos Knight began the quest for the
                  | Orb.
     0 | D:1      | Reached XP level 1. HP: 19/19 MP: 0/0
     3 | D:1      | Noticed a minotaur skeleton
    31 | D:1      | XOM: silly message
   115 | D:1      | XOM: 1-stop teleportation journey
   163 | D:1      | XOM: 1-stop teleportation journey
   187 | D:1      | Reached XP level 2. HP: 23/27 MP: 1/1
   462 | D:1      | XOM: give mutation
   462 | D:1      | Gained mutation: You occasionally shout uncontrollably at
                  | your foes. [Xom's mischief]
   619 | D:2      | XOM: 1-stop teleportation journey
   620 | D:2      | Reached XP level 3. HP: 32/34 MP: 2/2
   744 | D:2      | Found a shimmering altar of Xom.
   898 | D:2      | XOM: scenery: create altars
  1439 | D:3      | Found a hide-covered altar of Uskayaw.
  1439 | D:3      | Noticed Grinder
  1439 | D:3      | Paralysed by Grinder for 7 turns
  1451 | D:3      | Found a faded altar of an unknown god.
  1467 | D:3      | XOM: summons friendly ufetubus
  1485 | D:3      | Paralysed by Grinder for 7 turns
  1562 | D:3      | XOM: confusion
  1565 | D:3      | Paralysed by Grinder for 6 turns
  1572 | D:3      | Killed Grinder
  1572 | D:3      | XOM: give mutations
  1572 | D:3      | Gained mutation: You are somewhat resistant to further
                  | mutation. [Xom's mischief]
  1572 | D:3      | Gained mutation: You are weak. (Str -2) [Xom's mischief]
  1572 | D:3      | Gained mutation: You sometimes lose the ability to read
                  | scrolls when taking damage. [Xom's mischief]
  1573 | D:3      | Reached skill level 5 in Fighting
  1573 | D:3      | Reached skill level 5 in Axes
  1573 | D:3      | Reached XP level 4. HP: 7/42 MP: 3/3
  1573 | D:3      | Reached XP level 5. HP: 8/48 MP: 4/4
  1925 | D:3      | XOM: 7-stop teleportation journey
  2092 | D:3      | Noticed Natasha
  2110 | D:3      | Killed Natasha
  2111 | D:3      | Reached XP level 6. HP: 22/56 MP: 5/5
  2344 | D:3      | XOM: summons 3 hostile demons
  2503 | D:3      | Noticed Natasha
  2510 | D:3      | XOM: enchant monster (bad)
  2511 | D:3      | Killed Natasha
  2513 | D:3      | XOM: summons 1 hostile demon
  2766 | D:3      | Found a sparkling altar of Nemelex Xobeh.
  2884 | D:3      | XOM: torment (29/56 hp)
  3174 | D:3      | Found a runed translucent door.
  3175 | D:3      | Noticed Crazy Yiuf
  3176 | D:3      | Lost mutation: You are weak. (Str -2) [potion of mutation]
  3176 | D:3      | Lost mutation: You are somewhat resistant to further
                  | mutation. [potion of mutation]
  3176 | D:3      | Gained mutation: Your flesh is heat resistant. (rF+)
                  | [potion of mutation]
  3177 | D:3      | Lost mutation: Your flesh is heat resistant. (rF+) [potion
                  | of mutation]
  3177 | D:3      | Lost mutation: You occasionally shout uncontrollably at
                  | your foes. [potion of mutation]
  3177 | D:3      | Gained mutation: You are clumsy. (Dex -2) [potion of
                  | mutation]
  3177 | D:3      | Gained mutation: You expend magic power (3 MP) to
                  | strengthen your wands. [potion of mutation]
  3177 | D:3      | Gained mutation: You are covered in fur. (AC +1) [potion of
                  | mutation]
  3177 | D:3      | Gained mutation: You are partially covered in iridescent
                  | scales. (AC +2) [potion of mutation]
  3181 | D:3      | Killed Crazy Yiuf
  3222 | D:3      | Noticed Natasha
  3225 | D:3      | XOM: silly message
  3236 | D:3      | Killed Natasha
  3347 | D:3      | XOM: swap monsters
  3351 | D:3      | XOM: polymorph endoplasm -> adder
  3370 | D:3      | XOM: torment (6/57 hp)
  3698 | D:4      | Found a blossoming altar of Fedhas.
  3706 | D:4      | Reached skill level 1 in Staves
  3819 | D:4      | Reached XP level 7. HP: 62/62 MP: 6/6
  4255 | D:4      | XOM: give mutations
  4255 | D:4      | Gained mutation: You are frail. (-10% HP) [Xom's mischief]
  4255 | D:4      | Gained mutation: You are somewhat resistant to further
                  | mutation. [Xom's mischief]
  4255 | D:4      | Gained mutation: You are very clumsy. (Dex -4) [Xom's
                  | mischief]
  4255 | D:4      | Gained mutation: You are weak. (Str -2) [Xom's mischief]
  4258 | D:4      | Reached skill level 2 in Staves
  4340 | D:4      | Noticed a rime drake
  4340 | D:4      | an ogre changed into a rime drake
  4340 | D:4      | XOM: polymorph ogre -> rime drake
  4346 | D:4      | Killed a rime drake
  4347 | D:4      | Reached skill level 4 in Staves
  4347 | D:4      | Reached skill level 5 in Armour
  4347 | D:4      | Reached skill level 1 in Stealth
  4435 | D:4      | XOM: give mutations
  4435 | D:4      | Gained mutation: You are very frail. (-20% HP) [Xom's
                  | mischief]
  4435 | D:4      | Gained mutation: Your body sometimes deteriorates upon
                  | taking damage. [Xom's mischief]
  4435 | D:4      | Lost mutation: Your body sometimes deteriorates upon taking
                  | damage. [Xom's mischief]
  4435 | D:4      | Gained mutation: You are dopey. (Int -2) [Xom's mischief]
  4686 | D:4      | XOM: noise
  4812 | D:4      | XOM: god gift: 35 gold pieces
  4850 | D:5      | Entered Level 5 of the Dungeon
  4953 | D:5      | Noticed a gargoyle
  4956 | D:5      | Killed a gargoyle
  4957 | D:5      | Reached skill level 5 in Staves
  4957 | D:5      | Reached XP level 8. HP: 56/56 MP: 0/7
  5165 | D:5      | Reached skill level 6 in Staves
  5312 | D:5      | XOM: 3-stop teleportation journey
  5845 | D:5      | Noticed Prince Ribbit
  5851 | D:5      | Killed Prince Ribbit
  5852 | D:5      | Reached skill level 7 in Staves
  5852 | D:5      | Reached skill level 1 in Evocations
  6068 | D:5      | XOM: cloud trail
  6222 | D:6      | XOM: enchant monster (bad)
  6345 | D:6      | Reached XP level 9. HP: 58/63 MP: 8/8
  6379 | D:6      | Noticed Edmund
  6391 | D:6      | Killed Edmund
  6546 | D:6      | XOM: cloud trail
  6686 | D:6      | XOM: divination: detect items
  6690 | D:6      | Reached skill level 8 in Staves
  6795 | D:6      | Found a stormy altar of Qazlal.
  6863 | D:6      | Found a staircase to the Ecumenical Temple.
  6876 | D:6      | XOM: silly message
  6898 | D:6      | XOM: silly message
  6912 | D:6      | Noticed Dowan
  6923 | D:6      | XOM: potion effect (berserk rage)
  6927 | D:6      | XOM: potion effect (haste)
  6929 | D:6      | Noticed Duvessa
  6933 | D:6      | Killed Dowan
  6933 | D:6      | XOM: divination: magic mapping
  6941 | D:6      | XOM: summons friendly crimson imp
  6945 | D:6      | Killed Duvessa
  7230 | D:6      | Found a shimmering blue altar of Sif Muna.
  7304 | D:6      | XOM: god gift: iron wand {god gift}
  7331 | D:7      | XOM: enchant monster (good)
  7344 | D:7      | Reached skill level 9 in Staves
  7408 | D:7      | Found a basalt altar of Yredelemnul.
  7411 | D:7      | XOM: destruction
  7412 | D:7      | XOM: destruction
  7579 | D:7      | XOM: polymorph jelly -> gnoll
  8064 | D:8      | Found a white marble altar of Elyvilon.
  8131 | D:8      | Reached skill level 10 in Staves
  8241 | D:8      | Reached XP level 10. HP: 70/70 MP: 9/9
  8322 | D:8      | XOM: torment (36/70 hp)
  8413 | D:8      | XOM: silly message
  8492 | D:8      | Found a flagged portal.
  8525 | Bailey   | Entered a bailey
  8535 | Bailey   | XOM: silly message
  8537 | Bailey   | XOM: chaos upgrade
  8552 | Bailey   | XOM: confusion
  8581 | Bailey   | XOM: summons 3 friendly demons
  8857 | Bailey   | XOM: 1-stop teleportation journey
  8881 | Bailey   | XOM: enchant monster (bad)
  8905 | Bailey   | XOM: draining
  8905 | Bailey   | Slain by a centaur

Illustrated notes

Levels and vault maps discovered:
D:1:      shiori_arrival_whats_in_store_for_you, layout_rooms, st_stairs_6,
          chequers_arboretum
D:2:      layout_loops_ring, basic_altar
D:3:      cheibrodos_fertilizer, layout_loops_corners,
          nemelex_dance_club_becter, nicolae_uskayaw_murder_on_the_dancefloor,
          ebering_ecumenical_altar_box, hangedman_feature_mirror,
          minmay_rat_hole, uniq_natasha, uniq_crazy_yiuf_cottage, uniq_grinder
D:4:      layout_basic, fedhas_altar_2, hex_large
D:5:      layout_cave_pods, uniq_prince_ribbit1
D:6:      layout_rooms, grunt_qazlal_sundering, tgw_sif,
          minmay_temple_entry_enclosed_plants, minmay_manual_moon, uniq_duvessa,
          uniq_edmund
D:7:      kennysheep_spiral_hall, layout_cave_pools,
          mainiacjoe_overflow_chevrons
D:8:      layout_loops_ring, elyvilon_altar_4, enter_bailey_2
Bailey:   bailey_polearm_flooded_kennysheep, bailey

Skill      XL: |  1  2  3  4  5  6  7  8  9 10 |
---------------+-------------------------------+-----
Fighting       | 4 5 6 7 8 |  8.3
Axes           | 4 5 6 |  6.6
Armour         | 3 4 5 6 7 8 |  8.2
Dodging        | 2 3 4 |  4.8
Staves         | 1 5 7 10 | 10.2
Stealth        | 1 2 3 |  3.9
Evocations     | 1 2 |  2.0

Action                   |  1- 3 |  4- 6 |  7- 9 | 10-12 || total
-------------------------+-------+-------+-------+-------++-------
Melee: Hand axe          |    67 |    70 |       |       ||   137
       Headbutt          |     6 |    16 |    35 |     7 ||    64
       Quarterstaff      |       |    42 |   234 |    51 ||   327
Evoke: Wand              |       |       |    13 |     3 ||    16
  Use: Scroll            |     3 |     2 |     9 |     2 ||    16
       Potion            |     1 |     2 |     1 |     8 ||    12
 Stab: Paralysed         |       |       |     9 |       ||     9
       Sleeping          |       |       |       |     1 ||     1
Armor: Leather armour    |    21 |       |       |       ||    21
       Ring mail         |     2 |    54 |   112 |    69 ||   237
       Skin              |       |       |       |    13 ||    13
Dodge: Dodged            |    38 |    59 |   114 |   106 ||   317
